 Dungeon Crawl Stone Soup version 0.29-a0-40-g8eb35efe60 (webtiles) character file.

Game seed: 5542700978252263099

1047 enile the Sneak (level 8, -3/55 HPs)
             Began as an Octopode Wanderer on Feb 1, 2022.
             Was a Believer of Fedhas.
             Slain by a sky beast (6 damage)
             ... on level 6 of the Dungeon.
             The game lasted 00:08:06 (5796 turns).

enile the Sneak (Octopode Wanderer)                 Turns: 5796, Time: 00:08:07

Health: -3/55      AC:  1    Str:  8    XL:     8   Next: 25%
Magic:  12/12      EV: 14    Int: 15    God:    Fedhas [**....]
Gold:   213        SH:  4    Dex: 16    Spells: 8/13 levels left

rFire   . . .      SeeInvis .   m - +2 dagger (elec)
rCold   . . .      Faith    .   o - +0 buckler
rNeg    . . .      Spirit   .   b - +0 hat
rPois   .          Reflect  .   (no amulet)
rElec   .          Harm     .   (no ring)
rCorr   .          Rampage  .   (no ring)
Will    .....                   (no ring)
Stlth   +++++.....              (no ring)
HPRegen 0.18/turn               (no ring)
MPRegen 0.13/turn               (no ring)
                                (no ring)
                                (no ring)

@: no status effects
A: almost no armour, amphibious, 8 rings, camouflage 1, gelatinous body 1,
nimble swimmer 1, tentacles
a: Renounce Religion, Wall of Briars


You were on level 6 of the Dungeon.
You worshipped Fedhas.
Fedhas was pleased with you.
You visited 1 branch of the dungeon, and saw 6 of its levels.

You collected 213 gold pieces.

Inventory:

Hand Weapons
 a - a +0 dagger
 g - a +0 short sword
 m - a +2 dagger of electrocution (weapon)
Missiles
 c - 113 stones
 i - 4 boomerangs
 j - a throwing net
 x - 4 curare-tipped darts
Armour
 b - a +0 hat (worn)
 o - a +0 buckler (worn)
Wands
 n - a wand of paralysis (3)
 u - a wand of polymorph (9)
Scrolls
 e - a scroll of silence
 k - 2 scrolls of noise {unknown}
 p - 2 scrolls of fog
 q - a scroll of teleportation
 r - a scroll of vulnerability
 t - 2 scrolls of magic mapping {unknown}
 w - a scroll of brand weapon {unknown}
Potions
 d - a potion of attraction
 f - 3 potions of mutation {unknown}
 h - 2 potions of curing {unknown}
 s - 2 potions of resistance {unknown}
 v - 2 potions of heal wounds {unknown}


   Skills:
 - Level 5.0 Fighting
 - Level 2.0 Short Blades
 - Level 4.0 Dodging
 - Level 6.0 Stealth
 + Level 2.2 Shields
 - Level 3.0 Spellcasting
 - Level 4.0 Earth Magic
 - Level 3.0 Invocations
 - Level 1.1 Evocations


You had 8 spell levels left.
You knew the following spells:

 Your Spells              Type           Power      Damage    Failure   Level
a - Sandblast             Erth           28%        2d8       4%          1
b - Passwall              Tmut/Erth      6%         N/A       17%         2
c - Ensorcelled Hibernat  Hex/Ice        4%         N/A       36%         2

Your spell library contained the following spells:

 Spells                   Type           Power      Damage    Failure   Level
 Spider Form              Tmut/Pois      2%         N/A       61%         3
 Tukima's Dance           Hex            2%         N/A       61%         3
 Leda's Liquefaction      Hex/Erth       4%         N/A       75%         4
 Anguish                  Hex/Necr       1%         N/A       95%         4
 Passage of Golubria      Tloc           2%         N/A       95%         4
 Yara's Violent Unravell  Hex/Tmut       1%         3d3       100%        5


Dungeon Overview and Level Annotations

Branches:
Dungeon (6/15)             Temple (0/1) D:5

Altars:
Dithmenos
Fedhas
Kikubaaqudgha
Xom
The Shining One

Shops:
D:1 :


Innate Abilities, Weirdness & Mutations

You cannot wear most types of armour.
You are amphibious.
You can wear up to eight rings at the same time.
Your skin changes colour to match your surroundings (Stealth+).
Your rubbery body absorbs attacks. (AC +1, EV +1)
You are camouflaged when in or above water. (Stealth+)
You have tentacles for arms and can constrict up to eight enemies at once.


Message History

You hit something. Your squeeze misses something. Something hits you.
Something shocks you.
You closely miss something. You squeeze something. Something hits you.
Something shocks you.
* * * LOW HITPOINT WARNING * * *
You hit something but do no damage. Your squeeze misses something.
A sky beast appears from thin air!
Reactivating autopickup.
The sky beast closely misses you.
You miss the sky beast.
The sky beast is heavily wounded.
The sky beast hits you.
* * * LOW HITPOINT WARNING * * *
The sky beast shocks you.
* * * LOW HITPOINT WARNING * * *
You barely miss the sky beast.
The sky beast is heavily wounded.
The sky beast flickers out of sight!
Deactivating autopickup; reactivate with Ctrl-A.
Something hits you.
* * * LOW HITPOINT WARNING * * *
Something shocks you.
* * * LOW HITPOINT WARNING * * *
Okay, then.
Aiming: Paralyse
Press: ? - help, Shift-Dir - straight line
Okay, then.
Okay, then.
Found a glowing short sword.
An ufetubus and a gnoll come into view.
An ufetubus and a gnoll come into view.
Found a cabochon ring and 12 gold pieces.
A wight comes into view. It is wielding a +0 spear.
You wriggle carefully through the plants.
A wight comes into view.
It is wielding a +1 halberd of freezing.
Something hits you.
* * * LOW HITPOINT WARNING * * *
Something shocks you.
You die...
Fedhas appreciates your contribution to the ecosystem.

....)...#####.####.#
# #........<..#.# .
#.#####...(##.# #.
#.# #.......# #. #.#
#.......### #.##.#
#.........# ##P≈..#
#.........# ##..5..#
#......#... #.≈≈≈@.#
#......#..# #.P≈♣≈.#
##########.
z..zP≈P.... #.
#...P≈≈P#### #.
#P≈.≈♣P.# ##
P≈PP♣≈P≈# P P≈≈≈≈P#
P♣ ≈≈.##


You could see 2 wights and an ufetubus.

Vanquished Creatures
  An ice beast (D:5)
  A necrophage (D:5)
  3 ogres
  2 phantoms
  A howler monkey (D:4)
  A centaur skeleton (D:5)
  3 jellies
  2 hounds
  Terence (D:2)
  2 iguanas
  A howler monkey zombie (D:5)
  4 adders
  2 white imps (D:5)
  An ufetubus (D:5)
  2 adder skeletons (D:5)
  A worm (D:5)
  4 dart slugs
  An orc (D:5)
  6 endoplasms
  3 giant cockroaches
  7 goblins
  10 hobgoblins
  7 kobolds
  4 quokkas
  10 ball pythons
  5 bats
  2 frilled lizards (D:3)
  3 rats
90 creatures vanquished.

Notes
Turn   | Place    | Note
-------+----------+-------------------------------------------
     0 | D:1      | enile the Octopode Wanderer began the quest for the Orb.
     0 | D:1      | enile set off with the following items: a +0 dagger, a +0
                  | hat, 31 stones, a potion of attraction; and the following
                  | spell memorised: Sandblast; and the following spells
                  | available to memorise: Passwall, Leda's Liquefaction
     0 | D:1      | Reached XP level 1. HP: 16/16 MP: 2/2
    81 | D:1      | Reached skill level 1 in Dodging
   208 | D:1      | Found Pilik's Book Boutique.
   280 | D:1      | Reached XP level 2. HP: 21/21 MP: 3/3
  1177 | D:2      | Learned a level 2 spell: Passwall
  1229 | D:2      | Learned a level 2 spell: Ensorcelled Hibernation
  1414 | D:2      | Noticed Terence
  1417 | D:2      | Reached XP level 3. HP: 20/26 MP: 6/6
  1585 | D:2      | Killed Terence
  1712 | D:2      | Reached skill level 1 in Short Blades
  1712 | D:2      | Reached XP level 4. HP: 31/31 MP: 4/7
  1903 | D:2      | Found a faded altar of an unknown god.
  1906 | D:2      | Prayed at the altar of an unknown god.
  1906 | D:2      | Became a worshipper of Fedhas Madash
  1906 | D:2      | Reached * piety under Fedhas
  2495 | D:3      | Found a shimmering altar of Xom.
  2532 | D:3      | Reached XP level 5. HP: 37/37 MP: 5/8
  2650 | D:3      | Noticed an ogre
  2656 | D:3      | Killed an ogre
  2657 | D:3      | Reached skill level 5 in Stealth
  2662 | D:3      | Found an ancient bone altar of Kikubaaqudgha.
  2714 | D:3      | Reached XP level 6. HP: 43/43 MP: 9/9
  2745 | D:3      | Reached ** piety under Fedhas
  3168 | D:4      | Reached skill level 6 in Stealth
  3207 | D:4      | Found a shadowy altar of Dithmenos.
  3606 | D:4      | Identified the +0 leather armour of Doag {Int+6}
  3671 | D:4      | Reached skill level 1 in Shields
  3671 | D:4      | Reached XP level 7. HP: 42/48 MP: 11/11
  4407 | D:5      | Entered Level 5 of the Dungeon
  4500 | D:5      | Found a staircase to the Ecumenical Temple.
  4512 | D:5      | Reached skill level 1 in Invocations
  4745 | D:5      | Reached XP level 8. HP: 22/54 MP: 1/12
  5155 | D:5      | Found a glowing golden altar of the Shining One.
  5290 | D:5      | Reached skill level 5 in Fighting
  5774 | D:6      | HP: 2/55 [something (5)]
  5796 | D:6      | Slain by a sky beast

Illustrated notes

Levels and vault maps discovered:
D:1:      dpeg_arrival_arbitrary_a, layout_basic, serial_shops,
          nicolae_shop_waterfront, nrook_campfire, dk_noncrumbling_2,
          corexii_corridor_pit
D:2:      kennysheep_big_flooded_room, layout_basic,
          shapermc_ecumenical_altar_mp_ritualfount, fountainhead,
          nicolae_figureground_sparkle, uniq_terence
D:3:      layout_rooms, mainiacjoe_overflow_chevrons, kiku_gazebo_garden_becter,
          grunt_ministairs_15, st_stairs_6
D:4:      layout_basic, nicolae_dithmenos_shadow_blocks, minmay_crystal_water
D:5:      layout_layer_cave, tso_metal_star,
          minmay_temple_entry_drinking_statues, chequers_jeans
D:6:      layout_basic, lemuel_crystal_altar, hangedman_decor_push,
          serial_bayou_lagoon_a, roderic_batcave, nicolae_shop_self_help,
          uniq_edmund, uniq_menkaure

Skill      XL: |  1  2  3  4  5  6  7  8 |
---------------+-------------------------+-----
Dodging        | 1 3 4 |  4.0
Spellcasting   | 2 3 |  3.0
Earth Magic    | 3 4 |  4.0
Short Blades   | 1 2 |  2.0
Fighting       | 4 5 |  5.0
Stealth        | 5 6 |  6.0
Shields        | 1 2 |  2.2
Invocations    | 3 |  3.0
Evocations     | |  1.1

Action                   |  1- 3 |  4- 6 |  7- 9 || total
-------------------------+-------+-------+-------++-------
Melee: Dagger            |    20 |    56 |    50 ||   126
       Constrict         |     7 |    12 |     3 ||    22
       Tentacles         |     6 |    15 |    12 ||    33
       Short sword       |    11 |       |       ||    11
       Punch             |     1 |     2 |     1 ||     4
 Cast: Sandblast         |    21 |    19 |    32 ||    72
  Use: Scroll            |       |       |     4 ||     4
 Stab: Sleeping          |     5 |     8 |     5 ||    18
       Distracted        |       |       |     1 ||     1
Armor: Skin              |     1 |     1 |     5 ||     7
Dodge: Dodged            |    21 |    26 |    33 ||    80
Block: Buckler           |       |     4 |     8 ||    12

Table legend: (Time is in decaauts)
 A = Elapsed time spent in this place.
 B = Non-inter-level travel time spent in this place.
 C = Inter-level travel time spent in this place.
 D = Time resting spent in this place.
 E = Time spent auto-exploring this place.
 F = Levels seen in this place.
 G = Mean time per level.
                   A        B        C        D        E       F      G
               +--------+--------+--------+--------+--------+-----+--------+
         Total |   5792 |   5499 |    293 |    266 |   4531 |   6 |  965.3 |
       Dungeon |   5792 |   5499 |    293 |    266 |   4531 |   6 |  965.3 |
               +--------+--------+--------+--------+--------+-----+--------+

Top non-repeatable levels by time:
     D:4: 1431 daAuts
     D:5: 1338 daAuts
     D:1: 1157 daAuts
     D:3: 982 daAuts
     D:2: 834 daAuts
     D:6: 48 daAuts
